 Dungeon Crawl Stone Soup version 0.31.0-32-g396128a36d (webtiles) character file.

Game seed: 7350400075633478161

3039 Silvore the Basher (level 9, -2/79 HPs)
             Began as a Minotaur Fighter on Mar 30, 2024.
             Was a Follower of the Shining One.
             Slain by an orc warrior
             ... wielding a +0 glaive
              (10 damage)
             ... on level 7 of the Dungeon.
             The game lasted 00:08:26 (5585 turns).

Silvore the Basher (Minotaur Fighter)               Turns: 5585, Time: 00:08:27

Health: -2/79      AC: 13    Str: 26    XL:     9   Next: 56%
Magic:  8/8        EV:  9    Int:  5    God:    the Shining One [*.....]
Gold:   158        SH: 11    Dex:  9    Spells: 8/8 levels left

rFire   . . .        p - +1 morningstar
rCold   . . .        c - +1 buckler
rNeg    . . .        o - +0 chain mail
rPois   .            (helmet restricted)
rElec   .            s - +0 cloak
rCorr   .            l - +0 pair of gloves
SInv    .            (no boots)
Will    .....        m - amulet of reflection Stlth
                     n - ring of flight
HPRegen 0.33/turn    (no ring)
MPRegen 0.11/turn

%: reflection
@: mighty, flying, glowing
A: horns 2, retaliatory headbutt
a: Renounce Religion, Divine Shield


You were on level 7 of the Dungeon.
You worshipped the Shining One.
The Shining One was aware of your devotion.
You visited 2 branches of the dungeon, and saw 8 of its levels.

You collected 326 gold pieces.
You donated 168 gold pieces to Zin.

Inventory:

Hand Weapons
 p - a +1 morningstar (weapon)
Missiles
 x - a throwing net (quivered)
Armour
 c - a +1 buckler (worn)
 l - a +0 pair of gloves (worn)
 o - a +0 chain mail (worn)
 s - a +0 cloak (worn)
Jewellery
 m - an amulet of reflection (around neck)
 n - a ring of flight (left hand)
 t - an amulet of regeneration
Wands
 b - a wand of flame (8)
 g - a wand of mindburst (20)
Scrolls
 i - 2 scrolls of teleportation
 j - a scroll of poison
 v - a scroll of vulnerability {unknown}
Potions
 a - a potion of curing
 d - 2 potions of might
 e - 2 potions of heal wounds
 f - a potion of attraction
 h - 2 potions of mutation
 k - a potion of resistance {unknown}
 q - a potion of brilliance {unknown}
 r - 2 potions of enlightenment
 u - a potion of ambrosia {unknown}
 w - a potion of degeneration {unknown}


   Skills:
 + Level 7.4 Fighting
 + Level 10.8 Maces & Flails
 + Level 8.1 Armour
 + Level 2.8 Dodging
 + Level 0.6 Stealth
 + Level 7.1 Shields


You had 8 spell levels left.
You didn't know any spells.
Your spell library contained the following spells:

 Spells                   Type           Power      Damage    Failure   Level
 Mercury Vapours          Alch/Air       0%         N/A       98%         2
 Hailstorm                Conj/Ice       0%         3d5       100%        3
 Mephitic Cloud           Conj/Alch/Air  0%         N/A       100%        3
 Summon Ice Beast         Ice/Summ       0%         N/A       100%        3
 Freezing Cloud           Conj/Ice/Air   0%         6-21      100%        5
 Summon Mana Viper        Hex/Summ       0%         N/A       100%        5
 Sculpt Simulacrum        Ice/Alch       0%         N/A       100%        6
 Monstrous Menagerie      Summ           0%         N/A       100%        7


Dungeon Overview and Level Annotations

Branches:
Dungeon (7/15)             Temple (1/1) D:6

Altars:
Dithmenos
Fedhas
Gozag
Hepliaklqana
Kikubaaqudgha
Makhleb
Okawaru
Qazlal
Ru
Sif Muna
Trog
Uskayaw
Vehumet
Wu Jian
Xom
Yredelemnul
Zin
The Shining One

Shops:
D:5 ?**(   D:6 *

Annotations:
D:6 2 transporters, Eolas's ghost, novice DjEE


Innate Abilities, Weirdness & Mutations

You have a pair of horns on your head.
You reflexively headbutt those who attack you in melee.


Message History

You block the yak's attack.
You hit the yak. You headbutt the yak!
The yak is severely wounded.
You block the yak's attack.
You sock the yak!
You kill the yak!
You block the orc warrior's attack.
You impale the yak!!
The yak is heavily wounded.
The orc warrior hits you but does no damage.
The yak gores you.
You bludgeon the yak!!
You kill the yak!
The orc warrior hits you from afar with a +0 glaive.
Your Armour skill increases to level 8!
Your Shields skill increases to level 7!
You bludgeon the yak!!
The yak is almost dead.
The orc warrior misses you. The yak gores you.
You impale the yak!!
You kill the yak!
The orc warrior hits you from afar with a +0 glaive!
The orc hits you from afar with a +0 trident.
You see here a yak corpse.
You barely miss the orc warrior.
The orc wizard hits you with a +0 dagger.
You block the orc's attack.
A sky beast comes into view.
You puncture the orc warrior! You headbutt the orc warrior!
The orc warrior is almost dead.
The orc warrior hits you with a +0 glaive!
* * * LOW HITPOINT WARNING * * *
The orc wizard hits you with a +0 dagger.
* * * LOW HITPOINT WARNING * * *
You block the orc's attack. You block the orc wizard's attack.
The orc warrior hits you with a +0 glaive!
* * * LOW HITPOINT WARNING * * *
You block the sky beast's attack.
The orc warrior hits you from afar with a +0 glaive!
You die...

...... ...
##.#.###..
......#.# ##
.#####.#.#.#.# .
.......#...#.#.#
..?..........#.#
.......).oo...$#.
##########†#.#...#
#@#.#.#..#
#Y#'#.#....
####......#. .
#.............
####.##......##+#
#.........#.....
#.##.######.....
#.# ...... #.#
......


You could see an orc warrior, a sky beast and an orc wizard.

Vanquished Creatures
  Pikel (D:5)
  Eustachio (D:5)
  5 yaks (D:7)
  2 steam dragons
  A water moccasin (D:6)
  A sky beast (D:6)
  A black bear (D:7)
  An ogre (D:5)
  3 phantoms
  A kobold brigand (D:5)
  2 scorpions
  A howler monkey (D:6)
  A jelly (D:5)
  Crazy Yiuf (D:5)
  3 orc priests
  3 iguanas
  3 sleepcaps
  6 orc wizards
  Ijyb (D:5)
  4 adders
  3 gnolls (D:6)
  2 white imps (D:6)
  4 ufetubi (D:6)
  2 dart slugs
  A ribbon worm (D:2)
  23 orcs
  5 bats
  7 endoplasms
  3 giant cockroaches
  9 goblins
  A hobgoblin (D:4)
  9 kobolds
  5 quokkas
  2 ball pythons
  4 frilled lizards
  5 rats
127 creatures vanquished.

Notes
Turn   | Place    | Note
-------+----------+-------------------------------------------
     0 | D:1      | Silvore the Minotaur Fighter began the quest for the Orb.
     0 | D:1      | Reached XP level 1. HP: 19/19 MP: 0/0
     6 | D:1      | Noticed a hog
     6 | D:1      | Noticed a snapping turtle
     6 | D:1      | Noticed a mana viper
     7 | D:1      | Noticed a seven-headed hydra
     7 | D:1      | Noticed a polar bear
   393 | D:1      | Reached XP level 2. HP: 24/27 MP: 1/1
   971 | D:2      | Reached XP level 3. HP: 33/33 MP: 2/2
  1367 | D:3      | Reached skill level 3 in Maces & Flails
  1399 | D:3      | Noticed a scorpion
  1405 | D:3      | Killed a scorpion
  1406 | D:3      | Reached XP level 4. HP: 29/41 MP: 3/3
  1498 | D:3      | Reached skill level 1 in Dodging
  1558 | D:3      | Reached skill level 4 in Maces & Flails
  1558 | D:3      | Reached XP level 5. HP: 9/47 MP: 4/4
  2122 | D:4      | Noticed a phantom
  2136 | D:4      | Killed a phantom
  2137 | D:4      | Reached skill level 5 in Maces & Flails
  2137 | D:4      | Reached skill level 5 in Armour
  2137 | D:4      | Reached skill level 5 in Shields
  2137 | D:4      | Reached XP level 6. HP: 51/53 MP: 5/5
  2141 | D:4      | Found a shimmering blue altar of Sif Muna.
  3000 | D:5      | Entered Level 5 of the Dungeon
  3000 | D:5      | Found Moish's Antique Weapon Emporium.
  3050 | D:5      | Found Inolen's Magic Scroll Shoppe.
  3056 | D:5      | Noticed Pikel
  3067 | D:5      | Killed Pikel
  3068 | D:5      | Reached skill level 5 in Fighting
  3068 | D:5      | Reached skill level 7 in Maces & Flails
  3068 | D:5      | Reached XP level 7. HP: 21/61 MP: 6/6
  3143 | D:5      | Noticed Ijyb
  3152 | D:5      | Killed Ijyb
  3257 | D:5      | Found a hazy altar of Hepliaklqana.
  3276 | D:5      | Found Vikalaed's Assorted Antiques.
  3398 | D:5      | Found a stormy altar of Qazlal.
  3424 | D:5      | Reached XP level 8. HP: 30/70 MP: 7/7
  3677 | D:5      | Noticed Eustachio
  3693 | D:5      | Killed Eustachio
  3694 | D:5      | Reached skill level 8 in Maces & Flails
  3864 | D:5      | Found Qetifot's Assorted Antiques.
  3930 | D:5      | Found a runed translucent door.
  3931 | D:5      | Noticed Crazy Yiuf
  4197 | D:5      | Killed Crazy Yiuf
  4249 | D:6      | Found an iron altar of Okawaru.
  4291 | D:6      | Found a staircase to the Ecumenical Temple.
  4330 | Temple   | Entered the Ecumenical Temple
  4340 | Temple   | Became a worshipper of Zin the Law-Giver
  4340 | Temple   | Reached * piety under Zin
  4341 | Temple   | Donated 136 gold pieces to Zin
  4581 | D:6      | Found Wirphiv's Neck Hole.
  4607 | D:6      | Reached ** piety under Zin
  4871 | D:6      | Reached skill level 9 in Maces & Flails
  5194 | D:6      | Reached XP level 9. HP: 40/78 MP: 8/8
  5372 | D:6      | Noticed Eolas's ghost (novice DjEE)
  5373 | D:6      | Found a transporter.
  5373 | D:6      | Found a transporter.
  5468 | Temple   | Fell from the grace of Zin
  5468 | Temple   | Became a worshipper of the Shining One
  5562 | D:7      | Reached * piety under the Shining One
  5564 | D:7      | Reached skill level 10 in Maces & Flails
  5585 | D:7      | Slain by an orc warrior

Illustrated notes

Levels and vault maps discovered:
D:1:      onia_arrival_zoo_common, layout_rooms
D:2:      layout_basic, corexii_leaking_fountain
D:3:      layout_rooms
D:4:      layout_loops_ring, mainiacjoe_overflow_surrounded_room
D:5:      layout_loops_ring, general_overflow_altar,
          nicolae_hepliaklqana_hazy_memory, serial_shops, shop, shop_statue,
          nicolae_square_shop, shop, uniq_eustachio, uniq_crazy_yiuf_cottage,
          uniq_pikel, uniq_ijyb
D:6:      layout_loops_corners, nicolae_overflow_crystal_walls, temple_green,
          gammafunk_ghost_smash, nicolae_shop_sticking_my_neck_out,
          uniq_menkaure
D:7:      layout_basic, kennysheep_generic_room_12, uniq_joseph
Temple:   nicolae_temple_great_sept

Skill      XL: |  1  2  3  4  5  6  7  8  9 |
---------------+----------------------------+-----
Fighting       | 4 5 6 7 |  7.4
Armour         | 4 5 6 7 8 |  8.1
Shields        | 4 5 6 7 |  7.1
Maces & Flails | 3 4 5 7 9 10 | 10.8
Dodging        | 1 2 |  2.8
Stealth        | |  0.6

Action                     |  1- 3 |  4- 6 |  7- 9 || total
---------------------------+-------+-------+-------++-------
  Melee: Flail             |    87 |       |       ||    87
         Headbutt          |    11 |    14 |    25 ||    50
         Morningstar       |    16 |   108 |   163 ||   287
 Invoke: Donate Gold       |       |       |     1 ||     1
    Use: Scroll            |     7 |     5 |     4 ||    16
         Potion            |       |       |     1 ||     1
 Armour: Scale mail        |    44 |       |       ||    44
         Chain mail        |    25 |    77 |   125 ||   227
  Dodge: Dodged            |    44 |    27 |    64 ||   135
  Block: Buckler           |    35 |    44 |   101 ||   180
         Reflection        |       |       |     4 ||     4
